3R
BALLARD BEAVERS @ ATHLETIC CLUB KC U-21
08/03/2042
 
TOP OF THE 1ST
Ballard Beavers batting - Pitching for Athletic Club KC U-21 : LHP Stuart van de Loo
Pitching: LHP Stuart van de Loo
Batting: RHB Eli Johnson 0-0: Ball
1-0: Called Strike
1-1: Ball
2-1: Foul Ball, location: 2F
2-2: Strikes out swinging
Batting: RHB Kevin Neal 0-0: Ball
1-0: Fly out, F7 (Flyball, 7LS, EV 90.0 MPH)
Batting: RHB Eldon Broadus 0-0: Ball
1-0: Ball
2-0: Called Strike
2-1: Ball
3-1: Foul Ball, location: 2F
3-2: Strikes out swinging
Top of the 1st over - 0 runs, 0 hits, 0 errors, 0 left on base; Ballard 0 - Athletic Club KC 0
BOTTOM OF THE 1ST
Athletic Club KC U-21 batting - Pitching for Ballard Beavers : LHP Yoshifumi Oshima
Pitching: LHP Yoshifumi Oshima
Batting: LHB Justin Cooper 0-0: Ball
1-0: Ball
2-0: Ball
3-0: Called Strike
3-1: Base on Balls
Batting: RHB Moises Fernán 0-0: Ball
1-0: Foul Ball, location: 2F
1-1: Ball
2-1: Foul Ball, location: 2F
2-2: Foul Ball, location: 2F
2-2: Fly out, F4 (Popup, 4, EV 61.9 MPH)
Batting: LHB Arthur Witter 0-0: Swinging Strike
0-1: Ball
1-1: Ball
2-1: Ball
3-1: Swinging Strike
3-2: Strikes out swinging
Batting: RHB Mitsuoki Imamura 0-0: Foul Ball, location: 2F
0-1: Fly out, F8 (Flyball, 8RM, EV 86.2 MPH)
Bottom of the 1st over - 0 runs, 0 hits, 0 errors, 1 left on base; Ballard 0 - Athletic Club KC 0
TOP OF THE 2ND
Ballard Beavers batting - Pitching for Athletic Club KC U-21 : LHP Stuart van de Loo
Batting: RHB John Reed 0-0: Called Strike
0-1: Ball
1-1: Called Strike
1-2: Ball
2-2: Fly out, F8 (Flyball, 8LD, EV 104.4 MPH)
Batting: RHB Rich Joyner 0-0: Ball
1-0: Called Strike
1-1: Foul Ball, location: 2F
1-2: Ball
2-2: Ball
3-2: Ground out U3 (Groundball, 3, EV 106.2 MPH)
Batting: RHB José López 0-0: Called Strike
0-1: Called Strike
0-2: Ball
1-2: Strikes out swinging, 2-3 out at first.
Top of the 2nd over - 0 runs, 0 hits, 0 errors, 0 left on base; Ballard 0 - Athletic Club KC 0
BOTTOM OF THE 2ND
Athletic Club KC U-21 batting - Pitching for Ballard Beavers : LHP Yoshifumi Oshima
Batting: SHB Katsuya Nomura 0-0: Ball
1-0: Swinging Strike
1-1: Ball
2-1: Foul Ball, location: 2F
2-2: Foul Ball, location: 2F
2-2: Strikes out swinging
Batting: LHB Brian Keys 0-0: Ball
1-0: SINGLE (Flyball, 7S, EV 83.1 MPH)
Batting: RHB Jake Young 0-0: Foul Ball, location: 2F
0-1: Ball
1-1: Foul Ball, location: 2F
1-2: Foul Ball, location: 2F
1-2: Ball
2-2: Foul Ball, location: 2F
2-2: Foul Ball, location: 2F
2-2: Fly out, F8 (Flyball, 8LS, EV 93.1 MPH)
Batting: RHB Maxime Anderson 0-0: Swinging Strike
0-1: Foul Ball, location: 2F
0-2: Strikes out swinging
Bottom of the 2nd over - 0 runs, 1 hit, 0 errors, 1 left on base; Ballard 0 - Athletic Club KC 0
TOP OF THE 3RD
Ballard Beavers batting - Pitching for Athletic Club KC U-21 : LHP Stuart van de Loo
Batting: RHB José Romero 0-0: Ball
1-0: Called Strike
1-1: Swinging Strike
1-2: Ball
2-2: Ball
3-2: Base on Balls
Batting: RHB Jim McDermott 0-0: Fly out, F6 (Popup, 4MD, EV 60.0 MPH)
Batting: LHB Shane Holman 0-0: Called Strike
0-1: Ball
1-1: Swinging Strike
1-2: Ball
2-2: Strikes out looking
Batting: RHB Eli Johnson 0-0: Ball
1-0: Ball
2-0: Ball
3-0: Called Strike
3-1: Swinging Strike
3-2: Strikes out swinging
Top of the 3rd over - 0 runs, 0 hits, 0 errors, 1 left on base; Ballard 0 - Athletic Club KC 0
BOTTOM OF THE 3RD
Athletic Club KC U-21 batting - Pitching for Ballard Beavers : LHP Yoshifumi Oshima
Batting: RHB Jurrie Nuijs 0-0: Ball
1-0: Called Strike
1-1: Called Strike
1-2: Ball
2-2: Foul Ball, location: 2F
2-2: Ground out 6-3 (Groundball, 6, EV 103.8 MPH)
Batting: LHB Justin Cooper 0-0: Called Strike
0-1: Foul Ball, location: 2F
0-2: Strikes out swinging
Batting: RHB Moises Fernán 0-0: Called Strike
0-1: Foul Ball, location: 2F
0-2: Ball
1-2: Strikes out swinging
Bottom of the 3rd over - 0 runs, 0 hits, 0 errors, 0 left on base; Ballard 0 - Athletic Club KC 0
TOP OF THE 4TH
Ballard Beavers batting - Pitching for Athletic Club KC U-21 : LHP Stuart van de Loo
Batting: RHB Kevin Neal 0-0: Called Strike
0-1: Ball
1-1: Ball
2-1: DOUBLE (Flyball, 8RXD, EV 86.2 MPH)
Batting: RHB Eldon Broadus 0-0: Hit by Pitch
Batting: RHB John Reed 0-0: Foul Ball, location: 2F
0-1: Ball
Wild Pitch!
Kevin Neal to third
Eldon Broadus to second
1-1: Ball
2-1: Foul Ball, location: 2F
2-2: Foul Ball, location: 2F
2-2: Foul Ball, location: 2F
2-2: Strikes out looking
Batting: RHB Rich Joyner 0-0: Ball
1-0: Called Strike
1-1: Ground out 6-3 (Groundball, 6S, EV 88.8 MPH)
Kevin Neal scores
Batting: RHB José López 0-0: Ball
1-0: Called Strike
1-1: Ball
2-1: Foul Ball, location: 2F
2-2: Foul Ball, location: 2F
2-2: Strikes out swinging
Top of the 4th over - 1 run, 1 hit, 0 errors, 1 left on base; Ballard 1 - Athletic Club KC 0
BOTTOM OF THE 4TH
Athletic Club KC U-21 batting - Pitching for Ballard Beavers : LHP Yoshifumi Oshima
Batting: LHB Arthur Witter 0-0: Ball
1-0: Ball
2-0: Called Strike
2-1: Ball
3-1: Called Strike
3-2: Fly out, F8 (Flyball, 8LS, EV 88.1 MPH)
Batting: RHB Mitsuoki Imamura 0-0: Ball
1-0: Ball
2-0: Foul Ball, location: 2F
2-1: Called Strike
2-2: Strikes out looking
Batting: SHB Katsuya Nomura 0-0: Ball
1-0: Ball
2-0: Foul Ball, location: 2F
2-1: Foul Ball, location: 2F
2-2: Ball
3-2: DOUBLE (Line Drive, 9LS, EV 105.6 MPH)
Batting: LHB Brian Keys 0-0: Called Strike
0-1: Ball
1-1: Ball
2-1: Fly out, F8 (Flyball, 8LXD, EV 105.6 MPH)
Bottom of the 4th over - 0 runs, 1 hit, 0 errors, 1 left on base; Ballard 1 - Athletic Club KC 0
TOP OF THE 5TH
Ballard Beavers batting - Pitching for Athletic Club KC U-21 : LHP Stuart van de Loo
Batting: RHB José Romero 0-0: Called Strike
0-1: Ball
1-1: Bunted foul
1-2: Ball
2-2: Foul Ball, location: 2F
2-2: Strikes out swinging
Batting: RHB Jim McDermott 0-0: Ball
1-0: Foul Ball, location: 2F
1-1: Swinging Strike
1-2: Foul Ball, location: 2F
1-2: SINGLE (Groundball, 56S, EV 87.5 MPH) (infield hit)
Batting: LHB Shane Holman 0-0: Ball
1-0: Foul Ball, location: 2F
1-1: Ball
2-1: Ball
3-1: Fly out, F7 (Flyball, 78XD, EV 101.9 MPH)
Batting: RHB Eli Johnson 0-0: Ball
1-0: Called Strike
1-1: Swinging Strike
1-2: Ball
2-2: Ball
3-2: Fly out, F8 (Line Drive, 8LM, EV 93.8 MPH)
Top of the 5th over - 0 runs, 1 hit, 0 errors, 1 left on base; Ballard 1 - Athletic Club KC 0
BOTTOM OF THE 5TH
Athletic Club KC U-21 batting - Pitching for Ballard Beavers : LHP Yoshifumi Oshima
Batting: RHB Jake Young 0-0: Foul Ball, location: 2F
0-1: Foul Ball, location: 2F
0-2: Foul Ball, location: 2F
0-2: Foul Ball, location: 2F
0-2: Ball
1-2: Ball
2-2: Foul Ball, location: 2F
2-2: Ground out 5-3 (Groundball, 56S, EV 90.6 MPH)
Batting: RHB Maxime Anderson 0-0: Ball
1-0: Ball
2-0: Called Strike
2-1: Foul Ball, location: 2F
2-2: Ball
3-2: Foul Ball, location: 2F
3-2: Strikes out looking
Batting: RHB Jurrie Nuijs 0-0: DOUBLE (Line Drive, 9LS, EV 103.8 MPH)
Batting: LHB Justin Cooper 0-0: Ball
1-0: Foul Ball, location: 2F
1-1: Ball
2-1: Ball
3-1: Swinging Strike
3-2: Strikes out swinging
Bottom of the 5th over - 0 runs, 1 hit, 0 errors, 1 left on base; Ballard 1 - Athletic Club KC 0
TOP OF THE 6TH
Ballard Beavers batting - Pitching for Athletic Club KC U-21 : LHP Stuart van de Loo
Batting: RHB Kevin Neal 0-0: Ball
1-0: Ball
2-0: Fly out, F4 (Line Drive, 4, EV 73.1 MPH)
Pitching: RHP Dani Escovado
Batting: RHB Eldon Broadus 0-0: Ball
1-0: SINGLE (Line Drive, 6MD, EV 106.2 MPH)
Batting: RHB John Reed 0-0: Foul Ball, location: 2F
0-1: Ball
1-1: Ball
2-1: Ball
3-1: Base on Balls
Eldon Broadus to second
Batting: RHB Rich Joyner 0-0: Ball
1-0: Ball
2-0: Called Strike
2-1: Foul Ball, location: 2F
2-2: Strikes out swinging
Batting: RHB José López 0-0: Ball
1-0: Ball
2-0: Ball
3-0: Swinging Strike
3-1: Foul Ball, location: 2F
3-2: Foul Ball, location: 2F
3-2: Foul Ball, location: 2F
3-2: Foul Ball, location: 2F
3-2: Foul Ball, location: 2F
3-2: Foul Ball, location: 2F
3-2: Foul Ball, location: 2F
3-2: Foul Ball, location: 2F
3-2: Strikes out swinging
Top of the 6th over - 0 runs, 1 hit, 0 errors, 2 left on base; Ballard 1 - Athletic Club KC 0
BOTTOM OF THE 6TH
Athletic Club KC U-21 batting - Pitching for Ballard Beavers : LHP Yoshifumi Oshima
Pitching: LHP Norberto Cabrera
Batting: RHB Moises Fernán 0-0: Ball
1-0: SINGLE (Line Drive, 4MD, EV 95.6 MPH)
Batting: LHB Arthur Witter 0-0: Called Strike
0-1: Foul Ball, location: 2F
0-2: Foul Ball, location: 2F
0-2: Ball
1-2: Foul Ball, location: 2F
1-2: Ball
2-2: SINGLE (Flyball, 6MD, EV 98.1 MPH)
Moises Fernán to second
Batting: RHB Mitsuoki Imamura 0-0: Ball
1-0: Called Strike
1-1: Called Strike
1-2: Ball
2-2: Ball
3-2: Foul Ball, location: 2F
3-2: Foul Ball, location: 2F
3-2: DOUBLE (Flyball, 89D, EV 113.8 MPH)
Moises Fernán scores
Arthur Witter to third
Batting: SHB Katsuya Nomura 0-0: Swinging Strike
0-1: Foul Ball, location: 2F
0-2: Ball
1-2: Strikes out swinging
Batting: LHB Brian Keys 0-0: Ball
1-0: Foul Ball, location: 2F
1-1: Fly out, F8 (Line Drive, 8LM, EV 99.4 MPH)
Runner from 3rd tags up, SCORES, throw by CF
Batting: RHB Jake Young 0-0: Called Strike
0-1: Ground out 6-3 (Groundball, 6, EV 98.8 MPH)
Bottom of the 6th over - 2 runs, 3 hits, 0 errors, 1 left on base; Ballard 1 - Athletic Club KC 2
TOP OF THE 7TH
Ballard Beavers batting - Pitching for Athletic Club KC U-21 : RHP Dani Escovado
Batting: RHB José Romero 0-0: Swinging Strike
0-1: Hit by Pitch
Batting: RHB Jim McDermott 0-0: Ball
Wild Pitch!
José Romero to second
1-0: Ball
2-0: Fly out, F9 (Flyball, 9, EV 89.4 MPH)
Batting: LHB Shane Holman 0-0: Called Strike
0-1: Ground out 4-3 (Groundball, 34, EV 97.5 MPH)
José Romero to third
Pinch Hitting: LHB Bill Bass 0-0: Ball
1-0: Foul Ball, location: 2F
1-1: Foul Ball, location: 2F
1-2: Ground out U3 (Groundball, 3, EV 87.5 MPH)
Top of the 7th over - 0 runs, 0 hits, 0 errors, 1 left on base; Ballard 1 - Athletic Club KC 2
BOTTOM OF THE 7TH
Athletic Club KC U-21 batting - Pitching for Ballard Beavers : LHP Norberto Cabrera
Now at SS: Barry Miller
Batting: RHB Maxime Anderson 0-0: Foul Ball, location: 2F
0-1: Ground out 4-3 (Groundball, 34, EV 105.6 MPH)
Batting: RHB Jurrie Nuijs 0-0: Ball
1-0: Called Strike
1-1: SINGLE (Groundball, 6, EV 97.5 MPH) (infield hit)
Batting: LHB Justin Cooper 0-0: Called Strike
Jurrie Nuijs steals 2nd base
0-1: Ball
1-1: Swinging Strike
1-2: Ball
2-2: Ball
3-2: Foul Ball, location: 2F
3-2: Strikes out swinging
Batting: RHB Moises Fernán 0-0: Ball
1-0: Ball
2-0: Called Strike
2-1: Foul Ball, location: 2F
2-2: Strikes out looking
Bottom of the 7th over - 0 runs, 1 hit, 0 errors, 1 left on base; Ballard 1 - Athletic Club KC 2
TOP OF THE 8TH
Ballard Beavers batting - Pitching for Athletic Club KC U-21 : RHP Dani Escovado
Pitching: RHP Stephen Hicks
Batting: RHB Kevin Neal 0-0: Swinging Strike
0-1: Foul Ball, location: 2F
0-2: Strikes out swinging
Batting: RHB Eldon Broadus 0-0: Called Strike
0-1: Foul Ball, location: 2F
0-2: Ball
1-2: Ball
2-2: Ball
3-2: Base on Balls
Batting: RHB John Reed 0-0: Called Strike
0-1: Called Strike
0-2: Foul Ball, location: 2F
0-2: Strikes out swinging
Batting: RHB Rich Joyner 0-0: Called Strike
0-1: Swinging Strike
0-2: Strikes out looking
Top of the 8th over - 0 runs, 0 hits, 0 errors, 1 left on base; Ballard 1 - Athletic Club KC 2
BOTTOM OF THE 8TH
Athletic Club KC U-21 batting - Pitching for Ballard Beavers : LHP Norberto Cabrera
Batting: LHB Arthur Witter 0-0: Ball
1-0: Swinging Strike
1-1: Foul Ball, location: 2F
1-2: Foul Ball, location: 2F
1-2: Ground out 4-3 (Groundball, 4, EV 88.8 MPH)
Batting: RHB Mitsuoki Imamura 0-0: Called Strike
0-1: Ball
1-1: Ball
2-1: Ball
3-1: Fly out, F9 (Flyball, 89D, EV 103.1 MPH)
Batting: SHB Katsuya Nomura 0-0: SINGLE (Groundball, 6D, EV 102.5 MPH)
Pitching: RHP Gregory Collins
Batting: LHB Brian Keys 0-0: Ball
1-0: Called Strike
1-1: Called Strike
1-2: Ball
2-2: Ball
3-2: Foul Ball, location: 2F
3-2: Strikes out looking
Bottom of the 8th over - 0 runs, 1 hit, 0 errors, 1 left on base; Ballard 1 - Athletic Club KC 2
TOP OF THE 9TH
Ballard Beavers batting - Pitching for Athletic Club KC U-21 : RHP Stephen Hicks
Batting: RHB José López 0-0: Ball
1-0: Ball
2-0: Foul Ball, location: 2F
2-1: Ball
3-1: Fly out, F8 (Line Drive, 8RD, EV 88.8 MPH)
Batting: RHB José Romero 0-0: Ball
1-0: Ball
2-0: SINGLE (Flyball, 8LS, EV 92.5 MPH) - OUT at second base trying to stretch hit.
Pinch Hitting: RHB Javier Cruz 0-0: Called Strike
0-1: Ball
1-1: Foul Ball, location: 2F
1-2: Ball
2-2: Strikes out swinging
Top of the 9th over - 0 runs, 1 hit, 0 errors, 0 left on base; Ballard 1 - Athletic Club KC 2
Friday, March 26th, 2021 - OOTP Baseball 20.8 Build 74